 Dungeon Crawl Stone Soup version 0.13.2 (webtiles) character file.

3890 Morbidden the Skirmisher (level 9, -1/69 HPs)
             Began as a Demonspawn Fighter on Aug 6, 2020.
             Was a Believer of Cheibriados.
             Succumbed to buki's ghost's poison
             ... on Level 7 of the Dungeon on Aug 7, 2020.
             The game lasted 00:29:56 (8167 turns).

Morbidden the Skirmisher (Demonspawn Fighter)       Turns: 8167, Time: 00:29:56

HP  -1/69        AC 16     Str 26      XL: 9   Next: 81%
MP  12/12        EV  8     Int 14      God: Cheibriados [**....]
Gold 373         SH 23     Dex 19      Spells:  0 memorised, 12 levels left

Res.Fire  : . . .   See Invis. : .   a - +0 falchion
Res.Cold  : . . .   Warding    : .   G - +2 dwarf scale mail {rN+}
Life Prot.: + . .   Conserve   : .   c - +0 shield
Res.Poison: .       Res.Corr.  : .   v - +0 helmet
Res.Elec. : .       Clarity    : .   I - +0 orc cloak
Sust.Abil.: . .     Spirit.Shd : .   r - +0 pair of gauntlets
Res.Mut.  : .       Stasis     : .   (no boots)
Res.Rott. : .       Flight     : .   (no amulet)
Saprovore : . . .                    z - +2 ring of strength
                                     h - +3 ring of dexterity

@: extremely poisoned, very slow, slightly resistant to hostile enchantments,
unstealthy
A: talons 1, nightstalker 1, powered by pain 1, AC +3, EV -1
a: Bend Time, Renounce Religion


You were on level 7 of the Dungeon.
You worshipped Cheibriados.
Cheibriados was pleased with you.
You were not hungry.

You visited 2 branches of the dungeon, and saw 9 of its levels.

You collected 353 gold pieces.

Inventory:

Hand weapons
 a - a +0,+0 falchion (weapon)
 b - a +0 blowgun
 M - a +0,+0 elven dagger
Missiles
 k - 58 darts (quivered)
 s - a dart of frost
 x - 3 silver darts
 A - a throwing net [frayed]
 N - 7 curare-tipped needles
 X - 3 poisoned darts
Armour
 c - a +0 shield (worn)
 m - a +2 robe of fire resistance
 r - a +0 pair of gauntlets (worn)
 v - a +0 helmet (worn)
 G - a +2 dwarven scale mail of positive energy (worn)
 I - a +0 orcish cloak (worn)
Magical devices
 y - a wand of slowing (0)
 P - a wand of fire (3)
 R - a wand of random effects (15) {unknown}
 T - a wand of polymorph (17)
Comestibles
 d - 3 bread rations
 i - 5 meat rations
 H - 5 sultanas
Scrolls
 j - 4 scrolls of remove curse
 l - a scroll of acquirement {unknown}
 o - a scroll of curse armour {unknown}
 w - 2 scrolls of teleportation
 D - 2 scrolls of fog {unknown}
 E - 2 scrolls of recharging {unknown}
 K - a scroll of blinking {unknown}
 L - a scroll of noise {unknown}
 O - 2 scrolls of curse jewellery {unknown}
 S - a scroll of magic mapping {unknown}
 V - a scroll of amnesia {unknown}
 Y - a scroll of enchant weapon I {unknown}
Jewellery
 h - a +3 ring of dexterity (left hand)
 q - an uncursed ring of fire
 z - a +2 ring of strength (right hand)
 U - an uncursed ring of ice {unknown}
Potions
 e - a potion of agility {unknown}
 f - a potion of berserk rage {unknown}
 g - a potion of slowing {unknown}
 n - 2 potions of paralysis {unknown}
 p - a potion of might
 t - 2 potions of brilliance
 u - a potion of restore abilities
 B - a potion of magic {unknown}
 C - a potion of cure mutation {unknown}
 F - a potion of invisibility {unknown}
 J - a potion of heal wounds
 Q - a potion of degeneration {unknown}
 W - a potion of flight {unknown}
 Z - a potion of curing


   Skills:
 * Level 7.1 Fighting
 + Level 4.7 Long Blades
 + Level 4.1 Throwing
 + Level 5.8 Armour
 + Level 5.1 Dodging
 + Level 1.0 Stealth
 + Level 5.9 Shields
 + Level 2.0 Spellcasting
 + Level 1.3 Evocations


You had 12 spell levels left.
You didn't know any spells.

Dungeon Overview and Level Annotations

Branches:
Dungeon (8/27)             Temple (1/1) D:6
    Orc: D:6-11        Lair: D:8-13

Altars:
Ashenzari
Cheibriados
Elyvilon
Fedhas
Kikubaaqudgha
Makhleb
Nemelex Xobeh
Okawaru
Sif Muna
Trog
Vehumet
Xom
Zin
the Shining One


Innate Abilities, Weirdness & Mutations

You have sharp toenails.
You are mostly covered in molten scales (AC +3, EV -1).
You are slightly more attuned to the shadows.
You sometimes gain a little power by taking damage.


Message History

You destroy buki's ghost!
Cheibriados appreciates the change of pace.
Your Fighting skill increases to level 7!
Your Throwing skill increases to level 4!
Your Dodging skill increases to level 5!
You feel very sick.
Unknown command.
You start resting.
You feel extremely sick.
You start resting.
* * * LOW HITPOINT WARNING * * *
You feel extremely sick.
You start resting.
* * * LOW HITPOINT WARNING * * *
You feel very sick.
You start resting.
* * * LOW HITPOINT WARNING * * *
You feel extremely sick.
You start resting.
You die...

.# #...##.......# ####### #
.#####...##.#####.#######.....# #
................#.......#.....# #
................#.............# #
................#..##.###...).# #
######.).##.......).....#.....# #
# #...#####.###.##.#.####### #
#...# #......##.#.# # #...#
#.>.@.....#.#
#...####)###..####.#########
#.)................#.......#
#...####.#.#..#......#####.# #
###### #.#.#..#.###..##.....
#####...# #........# #.)...##.#
..%.....#######.####.###..#####.#
#####)[.....###.####.%.(..#####.#
# #.##.##.#.........###(((....#


There were no monsters in sight!

Vanquished Creatures
  A human (D:7)
  The ghost of buki the Archer, an experienced HEAM of Okawaru (D:7)
  Joseph (D:7)
  2 phantoms
  An orc warrior (D:7)
  The ghost of Morbidden the Sneak, an average DrAs (D:3)
  3 centaurs
  Sigmund (D:6)
  Duvessa (D:7)
  Blork the orc (D:7)
  2 giant frogs
  4 killer bees (D:7)
  Dowan (D:7)
  7 crimson imps
  A giant frog skeleton (D:4)
  4 hounds
  An iguana (D:7)
  3 orc priests (D:7)
  2 orc wizards (D:7)
  5 worker ants
  A scorpion (D:6)
  A sky beast zombie (D:5)
  A hound zombie (D:7)
  A mummy (D:7)
  9 adders
  An inept feature mimic (D:7)
  A worm (D:2)
  An adder skeleton (D:5)
  A giant eyeball (D:7)
  5 giant geckos
  12 orcs
  14 bats
  A bat zombie (D:6)
  5 giant cockroaches
  17 goblins
  12 hobgoblins
  2 quokkas
  3 ball pythons
  A giant mite zombie (D:5)
  3 giant newts (D:3)
  A hobgoblin skeleton (D:8)
  17 jackals
  A jackal skeleton (D:7)
  15 kobolds
  A kobold skeleton (D:5)
  An orc skeleton (D:5)
  11 rats
182 creatures vanquished.

Notes
Turn   | Place    | Note
--------------------------------------------------------------
     0 | D:1      | Morbidden, the Demonspawn Fighter, began the quest for the Orb.
     0 | D:1      | Reached XP level 1. HP: 18/18 MP: 0/0
   229 | D:1      | Gained mutation: You have sharp toenails. [demonic ancestry]
   229 | D:1      | Reached XP level 2. HP: 24/24 MP: 1/1
   744 | D:2      | Reached skill level 1 in Spellcasting
   744 | D:2      | Gained mutation: You sometimes gain a little power by taking damage. [demonic ancestry]
   744 | D:2      | Reached XP level 3. HP: 26/30 MP: 2/2
  1105 | D:2      | Gained mutation: You are slightly more attuned to the shadows. [demonic ancestry]
  1105 | D:2      | Reached XP level 4. HP: 33/36 MP: 2/4
  1393 | D:3      | Noticed Morbidden's ghost (average DrAs)
  1684 | D:3      | Reached skill level 1 in Dodging
  2224 | D:3      | Killed Morbidden's ghost
  2224 | D:3      | Reached XP level 5. HP: 3/42 MP: 6/6
  2450 | D:3      | Found a shimmering altar of Xom.
  2450 | D:3      | Found a deep blue altar of Sif Muna.
  3001 | D:4      | Reached skill level 4 in Fighting
  3001 | D:4      | Gained mutation: You are partially covered in molten scales (AC +1). [demonic ancestry]
  3001 | D:4      | Reached XP level 6. HP: 23/49 MP: 8/8
  3036 | D:4      | Found a shimmering altar of Xom.
  3267 | D:4      | Reached skill level 1 in Throwing
  3634 | D:5      | Entered Level 5 of the Dungeon
  3718 | D:5      | Gained mutation: You are mostly covered in molten scales (AC +3, EV -1). [demonic ancestry]
  3718 | D:5      | Reached XP level 7. HP: 54/54 MP: 9/9
  5027 | D:6      | Noticed Sigmund
  5046 | D:6      | Killed Sigmund
  5046 | D:6      | Reached skill level 5 in Fighting
  5046 | D:6      | Reached XP level 8. HP: 43/62 MP: 11/11
  5230 | D:6      | Found a staircase to the Ecumenical Temple.
  5240 | Temple   | Entered the Ecumenical Temple
  5876 | Temple   | Became a worshipper of Cheibriados the Contemplative
  6579 | D:7      | Noticed buki's ghost (experienced HEAM)
  6742 | D:7      | Noticed Duvessa
  6742 | D:7      | Noticed Dowan
  6756 | D:7      | Killed Duvessa
  6770 | D:7      | Killed Dowan
  6770 | D:7      | Acquired Cheibriados' first power
  6770 | D:7      | Reached skill level 5 in Shields
  6867 | D:7      | Noticed Joseph
  6910 | D:7      | Killed Joseph
  6910 | D:7      | Reached skill level 6 in Fighting
  6910 | D:7      | Reached XP level 9. HP: 12/68 MP: 12/12
  7154 | D:7      | Noticed Blork the orc
  7179 | D:7      | Killed Blork the orc
  7219 | D:7      | Reached skill level 5 in Armour
  7624 | D:7      | Found a staircase to the Ecumenical Temple.
  7627 | D:7      | the staircase to the Ecumenical Temple was a mimic.
  7679 | D:7      | Noticed a human
  7679 | D:7      | an orc warrior changed into a human
  7698 | D:7      | Killed a human
  7716 | D:7      | Reached skill level 1 in Evocations
  7804 | D:7      | Paralysed by a giant eyeball for 4 turns
  8051 | D:8      | Noticed a cyclops
  8124 | D:7      | Reached skill level 1 in Stealth
  8161 | D:7      | Killed buki's ghost
  8161 | D:7      | Reached skill level 7 in Fighting
  8161 | D:7      | Reached skill level 5 in Dodging
  8166 | D:7      | HP: 1/69 [poisoned by buki's ghost]
  8167 | D:7      | Succumbed to buki's ghost's poison

Action                   |  1- 3 |  4- 6 |  7- 9 || total
-------------------------+-------+-------+-------++-------
Melee: Falchion          |   106 |   290 |   403 ||   799
 Fire: Blowgun           |       |       |     3 ||     3
Throw: Dart              |     1 |    21 |    53 ||    75
       Dagger            |     3 |     2 |    12 ||    17
       Throwing net      |       |     2 |     1 ||     3
Evoke: Wand              |       |       |     6 ||     6
  Use: Scroll            |     1 |     3 |     5 ||     9
       Potion            |       |     2 |     5 ||     7
